 Dungeon Crawl Stone Soup version 0.28.0-49-g6dfe1f597d (webtiles) character file.

Game seed: 3938599111465523559

26 issech the Digger (level 3, -1/25 HPs)
             Began as a Gnoll Wanderer on May 18, 2022.
             Killed from afar by Terence (9 damage)
             ... with a puff of flame
             ... on level 2 of the Dungeon.
             The game lasted 00:05:04 (1113 turns).

issech the Digger (Gnoll Wanderer)                  Turns: 1113, Time: 00:05:04

Health: -1/25      AC: 11    Str: 12    XL:     3   Next: 8%
Magic:  7/7        EV:  3    Int: 10    God:
Gold:   28         SH:  0    Dex: 13    Spells: 6/7 levels left

rFire   . . .      SeeInvis .   a - +0 falchion
rCold   . . .      Faith    .   (no shield)
rNeg    . . .      Spirit   .   j - +0 plate armour
rPois   .          Reflect  .   (no helmet)
rElec   .          Harm     .   (no cloak)
rCorr   .          Rampage  .   (no gloves)
Will    .....                   (no boots)
Stlth   ..........              (no amulet)
HPRegen 0.08/turn               c - ring of flight
MPRegen 0.10/turn               (no ring)

@: flying
A: fangs 1, strong nose, distributed training
a: no special abilities


You were on level 2 of the Dungeon.
You visited 1 branch of the dungeon, and saw 2 of its levels.

You collected 56 gold pieces.
You spent 28 gold pieces at shops.

Inventory:

Hand Weapons
 a - a +0 falchion (weapon)
Missiles
 b - 12 boomerangs (quivered)
 d - 94 stones
 h - 22 arrows
 i - 30 sling bullets
Armour
 j - a +0 plate armour (worn)
Jewellery
 c - a ring of flight (left hand)
Scrolls
 g - a scroll of teleportation
 k - a scroll of fog {unknown}
Potions
 e - 2 potions of might {unknown}
 f - a potion of lignification {unknown}


   Skills:
 + Level 0.6 Fighting
 + Level 0.6 Short Blades
 + Level 4.5 Long Blades
 + Level 0.6 Axes
 + Level 0.6 Maces & Flails
 + Level 0.6 Polearms
 + Level 0.6 Staves
 + Level 0.6 Slings
 + Level 0.6 Bows
 + Level 0.6 Crossbows
 + Level 4.5 Throwing
 + Level 2.5 Armour
 + Level 0.6 Dodging
 + Level 0.6 Stealth
 + Level 0.6 Shields
 + Level 0.6 Unarmed Combat
 + Level 2.8 Spellcasting
 + Level 0.4 Conjurations
 + Level 0.4 Hexes
 + Level 0.4 Summonings
 + Level 0.4 Necromancy
 + Level 0.4 Translocations
 + Level 0.4 Transmutations
 + Level 0.4 Fire Magic
 + Level 0.4 Ice Magic
 + Level 0.4 Air Magic
 + Level 5.4 Earth Magic
 + Level 0.4 Poison Magic
 + Level 2.6 Invocations
 + Level 0.6 Evocations


You had 6 spell levels left.
You knew the following spells:

 Your Spells              Type           Power      Damage    Failure   Level
a - Sandblast             Erth           24%        2d8       99%         1

Your spell library contained the following spells:

 Spells                   Type           Power      Damage    Failure   Level
 Animate Armour           Summ/Erth      14%        N/A       100%        4
 Leda's Liquefaction      Hex/Erth       3%         N/A       100%        4


Dungeon Overview and Level Annotations

Branches:
Dungeon (2/15)

Altars:

Shops:
D:1 (([:?

Annotations:
D:2 Terence


Innate Abilities, Weirdness & Mutations

You have very sharp teeth.
Your uncanny sense of smell can sniff out nearby items.
Your experience applies equally to all skills.


Message History

You hit the endoplasm.
The endoplasm is heavily wounded.
The endoplasm freezes you.
You are frozen.
You hit the endoplasm but do no damage.
The endoplasm is heavily wounded.
The endoplasm barely misses you.
You hit the endoplasm.
You kill the endoplasm!
Found 5 boomerangs.
b - 12 boomerangs (gained 5)
You start resting.
HP restored.
Done exploring.
You reach down and open the door.
There is an open door here.
There is an open door here.
There is a stone staircase leading down here.
You fly downwards.
Found a pink potion.
There is a stone staircase leading up here.
e - 2 pink potions (gained 1) Terence the Incautious comes into view.
He is wielding a +0 mace and carrying a wand of flame (22).
Terence shouts!
You hear an angry hiss.
Terence zaps a wand.
The puff of flame hits you.
Terence zaps a wand.
The puff of flame hits you but does no damage.
You hit Terence. You bite Terence, but do no damage.
Terence is lightly wounded.
Terence hits you with a +0 mace. x2
You hit Terence but do no damage. You bite Terence, but do no damage.
Terence is lightly wounded.
Terence hits you but does no damage.
You hit Terence. You bite Terence, but do no damage.
Terence is lightly wounded.
Terence zaps a wand.
The puff of flame hits you.
You barely miss Terence.
Terence is lightly wounded.
Terence zaps a wand.
The puff of flame hits you!
You die...

###....#.####
####......#
##..##.....
##.## ...
##..# .
##..## ##..##
# ##..###....
#..@@...#
#########


You could see Terence.

Vanquished Creatures
  4 ball pythons (D:1)
  3 endoplasms (D:1)
  3 giant cockroaches (D:1)
  2 goblins (D:1)
  A hobgoblin (D:1)
  A kobold (D:1)
  A quokka (D:1)
  2 bats (D:1)
  3 frilled lizards (D:1)
  3 rats (D:1)
23 creatures vanquished.

Notes
Turn   | Place    | Note
-------+----------+-------------------------------------------
     0 | D:1      | issech the Gnoll Wanderer began the quest for the Orb.
     0 | D:1      | issech set off with the following items: a +0 falchion, 7
                  | boomerangs, a +0 dagger, 37 stones, a +0 leather armour;
                  | and the following spell memorised: Sandblast; and the
                  | following spells available to memorise: Animate Armour,
                  | Leda's Liquefaction
     0 | D:1      | Reached XP level 1. HP: 13/13 MP: 4/4
   171 | D:1      | Reached XP level 2. HP: 13/19 MP: 5/5
   174 | D:1      | Found Fethesadgh's Antique Weapon Shoppe.
   462 | D:1      | Found Denoos's Antique Armour Boutique.
   498 | D:1      | Found Iticso's Book Shop.
   585 | D:1      | Found Ocreecoefe's Antique Weapon Shop.
   711 | D:1      | Found Xudozeni's Magic Scroll Shop.
   720 | D:1      | Bought a scroll of identify for 28 gold pieces
   744 | D:1      | Reached XP level 3. HP: 23/25 MP: 7/7
  1106 | D:2      | Noticed Terence
  1113 | D:2      | Killed from afar by Terence

Illustrated notes

Levels and vault maps discovered:
D:1:      evilmike_arrival_crescent, layout_basic, serial_shops, shop_fountains,
          shop, nicolae_shop_behind_doors, shop, shop, grunt_decor_one_mirror
D:2:      layout_rooms, serial_shops, shop_statue, uniq_sigmund, uniq_terence

Action                   || total
-------------------------++-------
Melee: Falchion          ||    52
       Bite              ||     7
Throw: Boomerang         ||    22
  Use: Scroll            ||     1
Armor: Leather armour    ||    18
       Plate armour      ||     8
Dodge: Dodged            ||    24
